 Dungeon Crawl Stone Soup version 0.32-a0-933-ga8fa3634e4 (webtiles) character file.

Game seed: 10185354198061977668

691 ragingrage the Ruffian (level 7, -4/51 HPs)
             Began as a Demigod Shapeshifter on Apr 14, 2024.
             Killed by divine providence
             ... invoked by an orc priest
              (16 damage)
             ... on level 5 of the Dungeon.
             The game lasted 00:06:03 (4538 turns).

ragingrage the Ruffian (Demigod Shapeshifter)       Turns: 4538, Time: 00:06:03

Health: -4/51      AC:  8    Str: 17 (18) XL:     7   Next: 14%
Magic:  9/9        EV:  7    Int: 10 (11) God:
Gold:   247        SH:  0    Dex: 20 (21) Spells: 6/6 levels left

rFire   . .          .
                       - Unarmed
rCold   + . .        (no shield)
rNeg    . . .        n - +0 chain mail
rPois   .            u - melded +0 helmet
rElec   .            y - melded +0 cloak
rCorr   .            j - melded +2 pair of gloves
SInv    .            (boots currently unavailable)
Will    .....        (no amulet) Stlth
                     a - ring of protection from cold
HPRegen 0.28/turn    (no ring)
MPRegen 0.11/turn

%: no passive effects
@: beast-form
A: beast (slay +2), high MP 1, forlorn, divine attributes, talons 1, agile 1,
deterioration 2
a: Begin Untransformation


You were on level 5 of the Dungeon.
You were a hulking beast.
You visited 1 branch of the dungeon, and saw 5 of its levels.

You collected 247 gold pieces.

Inventory:

Hand Weapons
 v - a +1 dagger of venom
 A - a +0 sling
Missiles
 l - 3 curare-tipped darts (quivered)
Armour
 j - a +2 pair of gloves (melded)
 n - a +0 chain mail (worn)
 u - a +0 helmet (melded)
 y - a +0 cloak (melded)
Jewellery
 a - a ring of protection from cold (left hand)
Talismans
 c - a beast talisman (active)
 d - a flux talisman
Wands
 e - a wand of paralysis (11)
Scrolls
 h - 4 scrolls of enchant armour
 t - a scroll of identify {unknown}
 x - a scroll of blinking {unknown}
 z - a scroll of enchant weapon
 B - a scroll of fog {unknown}
Potions
 b - a potion of lignification
 g - a potion of cancellation {unknown}
 i - a potion of ambrosia
 k - 2 potions of magic
 m - a potion of haste
 o - a potion of invisibility {unknown}
 q - a potion of brilliance {unknown}
 r - a potion of degeneration {unknown}
 w - a potion of curing


   Skills:
 - Level 0.8 Fighting
 - Level 1.7 Dodging
 - Level 2.0 Stealth
 + Level 6.1 Unarmed Combat
 + Level 4.9 Shapeshifting


You had 6 spell levels left.
You didn't know any spells.
Your spell library contained the following spells:

 Spells                   Type           Power      Damage    Failure   Level
 Hailstorm                Conj/Ice       0%         3d5       100%        3
 Summon Ice Beast         Ice/Summ       0%         N/A       100%        3
 Permafrost Eruption      Ice/Erth       0%         2x4d1     100%        6
 Sculpt Simulacrum        Ice/Alch       0%         N/A       100%        6


Dungeon Overview and Level Annotations

Branches:
Dungeon (5/15)
 Temple: D:4-7


Innate Abilities, Weirdness & Mutations

You are a hulking beast.
Your limbs bulge with bestial killing power. (Slay +2)
You have an increased reservoir of magic. (+10% MP)
You shall have no god before yourself.
Your divine heritage dramatically boosts your attributes as you level up.
You have sharp toenails.
You are agile. (Dex +4, Str/Int -1)
Your body often deteriorates upon taking damage.


Message History

The orc priest hits you from afar with a +0 trident!
Your body deteriorates!
You feel dopey.
As you read the scroll labelled BINKYO NETAAH, it crumbles to dust.
It is a scroll of enchant weapon.
Your +0 dagger of venom glows red for a moment.
The orc hits you but does no damage. x2
The orc priest mumbles some strange prayers to Beogh against you.
Beogh smites you!
Your body deteriorates!
You feel weakened.
As you read the scroll labelled MAVARO JINIE, it crumbles to dust.
The creatures around you are filled with an inner flame!
It was a scroll of immolation.
The orc hits you but does no damage. x2
Okay, then.
As you read the scroll labelled HEVALENESI, it crumbles to dust.
It is a scroll of amnesia.
You feel forgetful for a moment. The orc hits you with a +0 club.
* * * LOW HITPOINT WARNING * * *
The orc hits you but does no damage.
The orc priest calls upon Beogh to heal the orc.
The orc's wounds heal themselves!
As you read the scroll labelled DORIECUMMI, it crumbles to dust.
You hear a loud clanging noise!
It was a scroll of noise.
You hear an angry growl.
The orc barely misses you. The orc hits you with a +0 dagger.
* * * LOW HITPOINT WARNING * * *
The orc priest hits you with a +0 mace.
* * * LOW HITPOINT WARNING * * *
The orc priest hits you from afar with a +0 trident.
* * * LOW HITPOINT WARNING * * *
You feel better. The orc hits you but does no damage.
The orc closely misses you. The orc priest hits you with a +0 mace.
* * * LOW HITPOINT WARNING * * *
The orc priest hits you from afar with a +0 trident.
* * * LOW HITPOINT WARNING * * *
You feel better. The orc hits you but does no damage.
The orc completely misses you.
The orc priest invokes the aid of Beogh against you.
Beogh smites you!
You die...

.......####..#..#...#####...
..####..##..##..#..........#
..## #..#..###..#.........##
...####...## #.............#
....#....#####.......##..##.
.....##...##.....##..#..##
...#####..#......###.#..# ...#
#...........# #....#####
................h###........#
#.#.......#...#oooo.)#..####.#
###.#...###....o...##.##
####..# ##......###o# ### #...
##.........### #...# .....
#...#####o..#.oo.o. ....#
#..## #...o# #... #.o$.# #...
#......#


You could see 2 orc priests and 3 orcs.

Vanquished Creatures
  Grinder (D:3)
  An ice beast (D:5)
  A kobold brigand (D:3)
  A howler monkey (D:3)
  2 bombardier beetles
  2 hounds
  An orc wizard (D:5)
  Robin (D:3)
  5 adders
  A white imp (D:4)
  4 ribbon worms
  4 orcs
  3 ball pythons
  3 endoplasms
  2 giant cockroaches
  10 hobgoblins
  3 jackals (D:2)
  10 kobolds
  3 quokkas (D:1)
  9 bats
  A frilled lizard (D:2)
  17 goblins
  2 rats
87 creatures vanquished.

Notes
Turn   | Place    | Note
-------+----------+-------------------------------------------
     0 | D:1      | ragingrage the Demigod Shapeshifter began the quest for the
                  | Orb.
     0 | D:1      | Reached XP level 1. HP: 15/15 MP: 3/3
   121 | D:1      | Reached skill level 3 in Unarmed Combat
   218 | D:1      | Reached skill level 1 in Stealth
   218 | D:1      | Reached XP level 2. HP: 22/22 MP: 4/4
  1036 | D:2      | Reached XP level 3. HP: 20/27 MP: 5/5
  1199 | D:2      | Reached skill level 4 in Unarmed Combat
  1479 | D:2      | Reached XP level 4. HP: 30/34 MP: 6/6
  1724 | D:3      | Noticed Grinder
  1734 | D:3      | Killed Grinder
  1735 | D:3      | Reached skill level 5 in Unarmed Combat
  1735 | D:3      | Reached XP level 5. HP: 39/39 MP: 7/7
  1940 | D:3      | Noticed Robin
  2036 | D:3      | Killed Robin
  2387 | D:3      | Reached XP level 6. HP: 46/46 MP: 8/8
  2940 | D:3      | Gained mutation: You do not regenerate when monsters are
                  | visible. [potion of mutation]
  2940 | D:3      | Gained mutation: You are frail. (-10% HP) [potion of
                  | mutation]
  2940 | D:3      | Gained mutation: Your body sometimes deteriorates upon
                  | taking damage. [potion of mutation]
  2940 | D:3      | Gained mutation: You have sharp toenails. [potion of
                  | mutation]
  2941 | D:3      | Lost mutation: You do not regenerate when monsters are
                  | visible. [potion of mutation]
  2941 | D:3      | Lost mutation: You are frail. (-10% HP) [potion of
                  | mutation]
  2941 | D:3      | Gained mutation: Your body often deteriorates upon taking
                  | damage. [potion of mutation]
  2941 | D:3      | Gained mutation: You are agile. (Dex +4, Str/Int -1)
                  | [potion of mutation]
  4283 | D:5      | Entered Level 5 of the Dungeon
  4442 | D:5      | Reached skill level 6 in Unarmed Combat
  4442 | D:5      | Reached XP level 7. HP: 44/51 MP: 9/9
  4536 | D:5      | HP: 2/51 [orc priest/+0 trident (6)]
  4538 | D:5      | Killed from afar by an orc priest

Illustrated notes

Levels and vault maps discovered:
D:1:      tarquinn_simple_flora_water_f, layout_basic, grunt_decor_arrowhead,
          minmay_tall_x
D:2:      layout_loops_ring, dreamdust_ecumenical_altar_grove, nicolae_wormholes
D:3:      layout_basic, nicolae_gozag_seed_capital, minmay_misc_feat_doors,
          reono_crystal_passage, uniq_grinder, uniq_robin
D:4:      layout_basic, nicolae_dithmenos_through_a_glass_darkly,
          nicolae_overflow_crystal_walls
D:5:      minmay_skewed_foursquare, layout_layer_cave,
          mainiacjoe_overflow_chevrons, pdpol_wu_jian_five_deadly_venoms,
          kennysheep_orc_sif_temple, nicolae_figureground_pulse

Skill      XL: |  1  2  3  4  5  6 |
---------------+-------------------+-----
Unarmed Combat | 3 4 5 6 |  6.1
Stealth        | 1 2 |  2.0
Shapeshifting  | 3 4 |  4.9
Fighting       | |  0.8
Dodging        | |  1.7

Action                     |  1- 3 |  4- 6 |  7- 9 || total
---------------------------+-------+-------+-------++-------
  Melee: Unarmed           |   141 |   113 |    11 ||   265
         Punch             |     3 |     4 |     1 ||     8
         Kick              |       |    17 |     3 ||    20
  Throw: Dart              |       |    10 |       ||    10
    Use: Potion            |     1 |     5 |     4 ||    10
         Scroll            |       |     1 |     4 ||     5
   Stab: Sleeping          |     2 |       |       ||     2
 Armour: Animal skin       |    33 |       |       ||    33
         Chain mail        |    58 |   108 |    31 ||   197
         Skin              |     6 |     4 |       ||    10
  Dodge: Dodged            |    74 |    47 |    12 ||   133
         Form:             |     1 |     1 |       ||     2
         Beast             |     1 |     1 |       ||     2

Table legend: (Time is in decaauts)
 A = Elapsed time spent in this place.
 B = Non-inter-level travel time spent in this place.
 C = Inter-level travel time spent in this place.
 D = Time resting spent in this place.
 E = Time spent auto-exploring this place.
 F = Levels seen in this place.
 G = Mean time per level.
                   A        B        C        D        E       F      G
               +--------+--------+--------+--------+--------+-----+--------+
         Total |   4502 |   4275 |    227 |    693 |   2787 |   5 |  900.4 |
       Dungeon |   4502 |   4275 |    227 |    693 |   2787 |   5 |  900.4 |
               +--------+--------+--------+--------+--------+-----+--------+

Top non-repeatable levels by time:
     D:3: 1470 daAuts
     D:4: 1159 daAuts
     D:1: 862 daAuts
     D:2: 757 daAuts
     D:5: 252 daAuts
